 Dungeon Crawl Stone Soup version 0.28-a0-1638-g9123634e07 (webtiles) character file.

Game seed: 7809831701800213381

87 croobank the Firebug (level 4, 0/33 HPs)
             Began as a Draconian Fire Elementalist on Jan 25, 2022.
             Slain by a gnoll (8 damage)
             ... on level 3 of the Dungeon.
             The game lasted 00:09:34 (2163 turns).

croobank the Firebug (Draconian Fire Elementalist)  Turns: 2163, Time: 00:09:34

Health: 0/33       AC:  6    Str: 10    XL:     4   Next: 28%
Magic:  0/7        EV: 12    Int: 18    God:
Gold:   50         SH:  0    Dex: 11    Spells: 5/8 levels left

rFire   + . .      SeeInvis .   l - staff of fire
rCold   . . .      Faith    .   (no shield)
rNeg    . . .      Spirit   .   (armour unavailable)
rPois   .          Reflect  .   (helmet restricted)
rElec   .          Harm     .   j - +0 cloak
rCorr   .          Rampage  .   (no gloves)
Will    .....                   (no boots)
Stlth   ++........              (no amulet)
HPRegen 0.11/turn               (no ring)
MPRegen 0.10/turn               (no ring)

@: no status effects
A: AC +5, unfitting armour, cold-blooded
a: no special abilities


You were on level 3 of the Dungeon.
You visited 1 branch of the dungeon, and saw 3 of its levels.

You collected 50 gold pieces.

Inventory:

Hand Weapons
 a - a +0 trident
 m - a +2 dagger of protection
 n - a +2 dagger of speed
Missiles
 c - 35 stones
 o - 5 bolts
Armour
 j - a +0 cloak (worn)
Magical Staves
 i - a staff of conjuration
 l - a staff of fire (weapon)
Scrolls
 b - 4 scrolls of identify {unknown}
 d - a scroll of torment {unknown}
 e - a scroll of blinking {unknown}
 f - a scroll of immolation {unknown}
 g - a scroll of amnesia {unknown}
 q - a scroll of magic mapping {unknown}
Potions
 h - a potion of heal wounds {unknown}
 k - 2 potions of flight {unknown}
 p - a potion of resistance {unknown}


   Skills:
 + Level 2.4 Dodging
 + Level 2.5 Stealth
 + Level 2.5 Spellcasting
 + Level 1.9 Conjurations
 + Level 3.5 Fire Magic


You had 5 spell levels left.
You knew the following spells:

 Your Spells              Type           Power      Damage    Failure   Level
a - Foxfire               Conj/Fire      72%        2x1d7     5%          1
b - Scorch                Fire           44%        2d7       6%          2

Your spell library contained the following spells:

 Spells                   Type           Power      Damage    Failure   Level
 Animate Skeleton         Necr           4%         N/A       17%         1
 Pain                     Necr           8%         1d4       17%         1
 Conjure Flame            Conj/Fire      18%        6-21      17%         3
 Inner Flame              Hex/Fire       12%        N/A       26%         3
 Vampiric Draining        Necr           2%         2d6       45%         3
 Flame Wave               Conj/Fire      18%        2d6       50%         4


Dungeon Overview and Level Annotations

Branches:
Dungeon (3/15)

Altars:


Innate Abilities, Weirdness & Mutations

Your plain brown scales are hard. (AC +5)
You cannot fit into any form of body armour.
You are cold-blooded and may be slowed by cold attacks.


Message History

You hit the gnoll but do no damage. You punch the gnoll.
The gnoll is almost dead.
The gnoll hits you with a +0 spear. The gnoll closely misses you.
You hit the gnoll but do no damage.
The gnoll is almost dead.
The gnoll hits you but does no damage. The gnoll barely misses you.
The gnoll hits you with a +0 spear.
You barely miss the gnoll.
The gnoll is almost dead.
The gnoll hits you with a +2 flail of protection!
* * * LOW HITPOINT WARNING * * *
The gnoll hits you but does no damage. The gnoll misses you.
The gnoll hits you but does no damage.
Found a leather armour.
Casting: Foxfire (safe; 6% risk of failure)
Confirm with . or Enter, or press ? or * to list all spells.
You feel a surge of power!
Flames lash the gnoll.
The gnoll is moderately wounded.
The gnoll's fire resistance burns away.
You hear an angry hiss.
You hear a shout!
The gnoll hits you with a +2 flail of protection.
* * * LOW HITPOINT WARNING * * *
Casting: Scorch (safe; 6% risk of failure)
Confirm with . or Enter, or press ? or * to list all spells.
You feel a surge of power!
Flames lash the gnoll.
The gnoll is burned terribly!
You kill the gnoll!
A gnoll is nearby!
Why would you want to do that?
A gnoll shaman comes into view. It is wielding a +0 whip.
The gnoll shaman calls upon its god to heal the gnoll.
The gnoll is healed somewhat.
The gnoll shaman mumbles some strange prayers to its god against you.
You resist with some effort.
Casting: Scorch (safe; 6% risk of failure)
Confirm with . or Enter, or press ? or * to list all spells.
You feel a surge of power!
Flames lash the gnoll.
The gnoll is heavily wounded.
The gnoll's fire resistance burns away.
The gnoll hits you with a +0 spear!
You die...

#....# #...#..
#....#### ###.....#
####.......
......... #.........
..##..... #........
#.##..#.# .......
#.##....#
#...########.......#
#...##.....#.##.##.#
#..@##.≈≈≈.#.)......
#...g..≈[≈...#######
#####..≈≈≈..## #
#.......# #
#####...# #### #####
#... #.## #.## #.##


You could see a gnoll (combustible).

Vanquished Creatures
  2 gnolls (D:3)
  2 adders
  2 dart slugs (D:1)
  3 orcs (D:3)
  8 ball pythons
  2 endoplasms (D:1)
  2 giant cockroaches
  2 goblins
  3 hobgoblins
  2 quokkas (D:1)
  5 bats
  2 frilled lizards (D:1)
  5 kobolds
  6 rats
46 creatures vanquished.

Vanquished Creatures (others)
  76 foxfires
76 creatures vanquished.

Grand Total: 122 creatures vanquished

Notes
Turn   | Place    | Note
-------+----------+-------------------------------------------
     0 | D:1      | croobank the Draconian Fire Elementalist began the quest
                  | for the Orb.
     0 | D:1      | Reached XP level 1. HP: 14/14 MP: 3/3
   314 | D:1      | Reached XP level 2. HP: 15/20 MP: 1/5
   317 | D:1      | Learned a level 2 spell: Scorch
  1183 | D:1      | Reached XP level 3. HP: 26/26 MP: 6/6
  1271 | D:1      | Found a faded altar of an unknown god.
  2111 | D:3      | Reached XP level 4. HP: 33/33 MP: 4/7
  2163 | D:3      | Slain by a gnoll

Illustrated notes

Levels and vault maps discovered:
D:1:      ncdulo_wetmaze, layout_basic, basic_ecumenical_altar
D:2:      layout_rooms, hangedman_abyss_or_decor_stabs, grunt_decor_arrowhead
D:3:      layout_loops_cross, old_standard_altar,
          corexii_item_surrounded_by_moat, kennysheep_generic_room_12

Skill      XL: |  1  2 |
---------------+-------+-----
Stealth        | 2 |  2.5
Dodging        | 2 |  2.4
Spellcasting   | |  2.5
Conjurations   | |  1.9
Fire Magic     | |  3.5

Action                   |  1- 3 |  4- 6 || total
-------------------------+-------+-------++-------
Melee: Trident           |    12 |       ||    12
       Tailslap          |     3 |     1 ||     4
       Staff             |       |     5 ||     5
       Punch             |       |     1 ||     1
 Cast: Foxfire           |    43 |     2 ||    45
       Scorch            |     6 |     3 ||     9
Armor: Skin              |     8 |     5 ||    13
Dodge: Dodged            |    17 |     5 ||    22

Table legend: (Time is in decaauts)
 A = Elapsed time spent in this place.
 B = Non-inter-level travel time spent in this place.
 C = Inter-level travel time spent in this place.
 D = Time resting spent in this place.
 E = Time spent auto-exploring this place.
 F = Levels seen in this place.
 G = Mean time per level.
                   A        B        C        D        E       F      G
               +--------+--------+--------+--------+--------+-----+--------+
         Total |   2172 |   2140 |     32 |     20 |   1735 |   3 |  724.0 |
       Dungeon |   2172 |   2140 |     32 |     20 |   1735 |   3 |  724.0 |
               +--------+--------+--------+--------+--------+-----+--------+

Top non-repeatable levels by time:
     D:1: 1397 daAuts
     D:3: 561 daAuts
     D:2: 212 daAuts
